 Dungeon Crawl Stone Soup version 0.26-a0-540-g8a0c9464d7 (webtiles) character file.

Game seed: 10521635843965570684

224 MalarOregon the Caller (level 5, -4/44 HPs)
             Began as a Draconian Summoner on Aug 20, 2020.
             Killed from afar by an orc wizard (8 damage)
             ... with a puff of flame
             ... on level 3 of the Dungeon.
             The game lasted 00:08:32 (3949 turns).

MalarOregon the Caller (Draconian Summoner)         Turns: 3949, Time: 00:08:33

Health: -4/44      AC:  5    Str: 11    XL:     5   Next: 67%
Magic:  2/8        EV: 13    Int: 16    God:
Gold:   151        SH:  0    Dex: 11    Spells: 5/8 levels left

rFire    . . .     SeeInvis .   a - +1 dagger
rCold    . . .     Faith    .   (no shield)
rNeg     . . .     Spirit   .   (armour unavailable)
rPois    .         Reflect  .   (helmet restricted)
rElec    .         Harm     .   (no cloak)
rCorr    .                      (no gloves)
MR       .....                  (no boots)
Stlth    ++........             (no amulet)
HPRegen  0.14/turn              (no ring)
MPRegen  0.11/turn              (no ring)

@: no status effects
A: unfitting armour, cold-blooded, AC +5
a: no special abilities


You were on level 3 of the Dungeon.
You visited 1 branch of the dungeon, and saw 4 of its levels.

You collected 151 gold pieces.

Inventory:

Hand Weapons
 a - a +1 dagger (weapon)
   (You took it off a kobold on level 1 of the Dungeon)
 f - a +1 mace of holy wrath
   (You found it on level 2 of the Dungeon)
 k - a cursed +0 mace
   (You found it on level 2 of the Dungeon)
Missiles
 b - 12 poisoned darts (quivered)
 i - 8 curare-tipped darts {!f}
 r - 4 boomerangs
Wands
 p - a wand of polymorph (11)
   (You found it on level 3 of the Dungeon)
Scrolls
 c - 3 scrolls of identify {unknown}
 d - 4 scrolls of teleportation {@r4}
 h - a scroll of random uselessness {unknown}
 j - a scroll of amnesia {unknown}
 l - 3 scrolls of enchant armour {unknown}
Potions
 e - a potion of heal wounds {unknown}
 m - a potion of flight {unknown}
 n - 2 potions of curing {unknown}
 o - a potion of haste {unknown}
 q - a potion of stabbing {unknown}


   Skills:
 * Level 2.9 Fighting
 * Level 2.8 Short Blades
 * Level 3.3 Dodging
 + Level 2.6 Stealth
 - Level 2.0 Spellcasting
 - Level 4.0 Summonings


You had 5 spell levels left.
You knew the following spells:

 Your Spells              Type           Power        Failure   Level
a - Summon Small Mammal   Summ           ##..         4%          1
x - Call Imp              Summ           ##......     6%          2

Your spell library contained the following spells:

 Spells                   Type           Power        Failure   Level
 Call Canine Familiar     Summ           ##......     12%         3
 Summon Guardian Golem    Hex/Summ       #.......     26%         3
 Confusing Touch          Hex            #.......     52%         3
 Gell's Gravitas          Tloc           #.........   52%         3
 Summon Ice Beast         Ice/Summ       #.......     65%         4
 Summon Lightning Spire   Summ/Air       #.......     65%         4
 Petrify                  Tmut/Erth      #.......     90%         4
 Metabolic Englaciation   Hex/Ice        #.........   99%         5
 Yara's Violent Unravell  Hex/Tmut       #.........   99%         5


Dungeon Overview and Level Annotations

Branches:
Dungeon (4/15)             Temple (0/1) D:4

Altars:
Dithmenos
Kikubaaqudgha
Okawaru
Ru
Xom

Shops:
D:4 ?


Innate Abilities, Weirdness & Mutations

Your plain brown scales are hard. (AC +5)
You cannot fit into any form of body armour.
You are cold-blooded and may be slowed by cold attacks.


Message History

The orc wizard hits your shadow imp but does no damage.
Your shadow imp hits the orc wizard.
An adder comes into view.
Your crimson imp blinks!
The orc wizard hits your shadow imp with a +0 dagger.
Your shadow imp hits the orc wizard but does no damage.
You hear the slow rusting of a distant drain.
Your shadow imp barely misses the orc wizard.
Your shadow imp barely misses the orc wizard.
Your shadow imp gestures at the orc wizard.
The orc writhes in agony!
The orc dies!
The orc wizard gestures at you while chanting.
The puff of flame misses you. The adder barely misses you.
There is a stone staircase leading up here.
Throwing (i - inventory. (/) - cycle)
b - 14 poisoned darts (quivered)
Aim: an orc wizard, wielding a +0 dagger and wearing a +0 robe (moderately wounded, fast)
You throw a poisoned dart. The poisoned dart hits the orc wizard.
The orc wizard hits you with a +0 dagger.
* * * LOW HITPOINT WARNING * * *
The adder bites you but does no damage. The orc wizard misses you.
Throwing (i - inventory. (/) - cycle)
b - 13 poisoned darts (quivered)
Aim: an orc wizard, wielding a +0 dagger and wearing a +0 robe (moderately wounded, fast)
You throw a poisoned dart. The poisoned dart hits the orc wizard.
The orc wizard is poisoned.
Your shadow imp disappears in a puff of smoke! x2
The adder bites you.
* * * LOW HITPOINT WARNING * * *
The orc wizard hits you but does no damage.
The adder bites you but does no damage. The orc wizard misses you.
The adder bites you but does no damage. The orc wizard closely misses you.
You climb upwards.
There is a stone staircase leading down here.
A beastly little devil appears in a puff of flame.
The orc wizard barely misses you. The adder barely misses you.
You don't have enough magic to cast that spell.
Your crimson imp hits the orc wizard but does no damage.
The orc wizard hits you with a +0 dagger.
* * * LOW HITPOINT WARNING * * *
The adder barely misses you. The adder closely misses you.
The orc wizard points at you and mumbles some strange words.
The puff of flame hits you.
* * * LOW HITPOINT WARNING * * *
The orc wizard looks more healthy.
Your crimson imp blinks!
The orc wizard closely misses you.
The orc wizard gestures at you while chanting.
The puff of flame hits you!
You die...

#...#....###.####.....## ###
...##...###..##........#######
##......#...###..............#
..........### #.....##.......#
........### ##.............#
.......## #.####........#
.......# #.# #........#
.......###### #.# #........#
............# #@# #.<......#
.......####.####.#####.......#
.......# ##...##oS.###.......#
.......###..5.......##.......#
#########...)........#.......#
#...รท........#.......#
#......>.....#.......#
##..........##.......#
##..)##...###....##.#


You could see an orc wizard (fast) and an adder.

Vanquished Creatures
  2 gnolls
  4 adders
  A dart slug (D:3)
  A leopard gecko (D:3)
  7 orcs
  8 bats
  5 giant cockroaches
  18 goblins
  10 hobgoblins
  4 jackals (D:2)
  4 kobolds
  2 quokkas (D:2)
  A ball python (D:1)
  6 frilled lizards
  7 rats
80 creatures vanquished.

Vanquished Creatures (collateral kills)
  2 orc wizards
  A hound skeleton (D:4)
  Robin (D:3)
  A gnoll (D:2)
  A leopard gecko (D:3)
  7 orcs
  A ball python (D:1)
  3 bats
  3 goblins (D:3)
  3 hobgoblins
  2 kobolds
  2 rats
27 creatures vanquished.

Grand Total: 107 creatures vanquished

Notes
Turn   | Place    | Note
-------+----------+-------------------------------------------
     0 | D:1      | MalarOregon the Draconian Summoner began the quest for the
                  | Orb.
     0 | D:1      | Reached XP level 1. HP: 14/14 MP: 3/3
   311 | D:1      | Reached skill level 1 in Fighting
   435 | D:1      | Reached XP level 2. HP: 20/23 MP: 5/5
   876 | D:2      | Reached skill level 1 in Short Blades
   965 | D:2      | Reached XP level 3. HP: 21/28 MP: 6/6
  1791 | D:2      | Found a sacrificial altar of Ru.
  1993 | D:2      | Found a faded altar of an unknown god.
  2035 | D:2      | Found a shimmering altar of Xom.
  2201 | D:3      | Reached XP level 4. HP: 32/36 MP: 7/7
  2238 | D:3      | Found an iron altar of Okawaru.
  2303 | D:3      | HP: 1/36 [hobgoblin (4)]
  2312 | D:3      | HP: 1/36 [hobgoblin (2)]
  3005 | D:2      | Learned a level 2 spell: Call Imp
  3021 | D:3      | Noticed Robin
  3078 | D:3      | Killed Robin
  3078 | D:3      | Reached XP level 5. HP: 28/42 MP: 1/8
  3521 | D:3      | Found a shadowy altar of Dithmenos.
  3521 | D:3      | Found an ancient bone altar of Kikubaaqudgha.
  3879 | D:4      | Found Vali Cull's Magic Scroll Shop.
  3949 | D:3      | Killed from afar by an orc wizard

Illustrated notes

Levels and vault maps discovered:
D:1:      lightli_arrival_lavapool, layout_basic
D:2:      layout_loops_ring, lemuel_doored_altar,
          chequers_ecumenical_altar_grove, grunt_ministairs_7,
          nicolae_ru_path_of_blood
D:3:      layout_rooms, lemuel_crystal_altar, gammafunk_temple_overflow_wave,
          uniq_robin
D:4:      layout_layer_cave, nicolae_overflow_hidden_temple,
          minmay_temple_entry_statues_fountains, serial_shops, shop,
          portal_sewer_entry_c, trog_book, uniq_crazy_yiuf_cottage,
          uniq_blork_the_orc, uniq_edmund, uniq_sigmund

Skill      XL: |  1  2  3  4 |
---------------+-------------+-----
Fighting       | 1 2 |  2.9
Dodging        | 2 3 |  3.3
Short Blades   | 1 2 |  2.8
Stealth        | 2 |  2.6
Spellcasting   | |  2.0
Summonings     | |  4.0

Action                   |  1- 3 |  4- 6 || total
-------------------------+-------+-------++-------
Melee: Dagger            |   193 |   166 ||   359
       Unarmed           |    11 |       ||    11
       Tailslap          |    18 |    15 ||    33
Throw: Dart              |    16 |    26 ||    42
 Cast: Summon Small Mamm |     3 |     7 ||    10
       Call Imp          |       |    11 ||    11
  Use: Scroll            |       |     4 ||     4
       Potion            |       |     1 ||     1
 Stab: Sleeping          |     4 |     1 ||     5
Armor: Skin              |    91 |    57 ||   148
Dodge: Dodged            |   185 |   184 ||   369

Table legend: (Time is in decaauts)
 A = Elapsed time spent in this place.
 B = Non-inter-level travel time spent in this place.
 C = Inter-level travel time spent in this place.
 D = Time resting spent in this place.
 E = Time spent auto-exploring this place.
 F = Levels seen in this place.
 G = Mean time per level.
                   A        B        C        D        E       F      G
               +--------+--------+--------+--------+--------+-----+--------+
         Total |   3920 |   3777 |    143 |    756 |   2217 |   4 |  980.0 |
       Dungeon |   3920 |   3777 |    143 |    756 |   2217 |   4 |  980.0 |
               +--------+--------+--------+--------+--------+-----+--------+

Top non-repeatable levels by time:
     D:2: 1684 daAuts
     D:3: 1323 daAuts
     D:1: 851 daAuts
     D:4: 61 daAuts
